 Dungeon Crawl Stone Soup version 0.21.1-1-g345015f (webtiles) character file.

123 inc the Conjurer (level 4, -5/18 HPs)
             Began as a Felid Wizard on Feb 27, 2018.
             Was an Initiate of Vehumet.
             Killed by divine providence
             ... invoked by an orc priest
              (9 damage)
             ... on level 5 of the Dungeon.
             The game lasted 00:11:30 (4487 turns).

inc the Conjurer (Felid Wizard)                     Turns: 4487, Time: 00:11:31

Health: -5/18      AC:  1    Str:  3    XL:     4   Next: 79%
Magic:  9/9        EV: 17    Int: 21    God:    Vehumet [......]
Gold:   195        SH:  0    Dex: 14    Spells: 3/9 levels left
                                        Lives:  0   Deaths: 1

rFire    . . .     SeeInvis +   (weapon unavailable)
rCold    . . .     Gourm    .   (shield unavailable)
rNeg     . . .     Faith    .   (armour unavailable)
rPois    .         Spirit   .   (helmet unavailable)
rElec    .         Reflect  .   (cloak unavailable)
rCorr    .         Harm     +   (gloves unavailable)
MR       .....                  (boots unavailable)
Stlth    ++........             d - amulet of harm
HPRegen  0.06/turn              e - ring of loudness (curse)
MPRegen  0.11/turn              h - ring of see invisible

@: quick
A: very small, no armour, no weapons or thrown items, stealth, claws 1, fangs 3,
see invisible, carnivore, speed 1, shaggy fur 1, slow metabolism 1, sharp paws
a: Renounce Religion


You were on level 5 of the Dungeon.
You worshipped Vehumet.
Vehumet was noncommittal.
You were not hungry.

You visited 2 branches of the dungeon, and saw 7 of its levels.

You collected 195 gold pieces.

Inventory:

Jewellery
 d - an amulet of harm (around neck)
 e - a cursed ring of loudness (left paw)
 h - a ring of see invisible (right paw)
 n - an uncursed amulet of regeneration
Wands
 o - a wand of paralysis (12)
Scrolls
 f - 2 scrolls of remove curse {unknown}
 l - 2 scrolls of teleportation {unknown}
 m - 2 scrolls of fog {unknown}
Potions
 c - 2 potions of curing
 g - a potion of brilliance
 j - a potion of might
 k - a potion of flight
Books
 a - a book of Minor Magic

   Spells                             Type                      Level
   a - Magic Dart                     Conjuration                  1
   b - Blink                          Translocation                2
   c - Call Imp                       Summoning                    2
   d - Slow                           Hexes                        2
   e - Conjure Flame                  Conjuration/Fire             3
   f - Mephitic Cloud                 Conjuration/Poison/Air       3
 i - a book of Alchemy

   Spells                             Type                      Level
   a - Sublimation of Blood           Necromancy                   2
   b - Ignite Poison                  Fire/Transmutation/Poison    3
   c - Petrify                        Transmutation/Earth          4
   d - Alistair's Intoxication        Transmutation/Poison         5
   e - Irradiate                      Conjuration/Transmutation    5
Comestibles
 b - 6 rations


   Skills:
 - Level 2.6 Dodging
 - Level 2.6 Stealth
 - Level 3.0 Spellcasting
 + Level 5.0 Conjurations
 - Level 2.0 Summonings
   Level 1.5 Translocations


You had 3 spell levels left.
You knew the following spells:

 Your Spells              Type           Power        Failure   Level  Hunger
a - Magic Dart            Conj           ###.         1%          1    None
b - Call Imp              Summ           ##......     9%          2    ##.....
c - Mephitic Cloud        Conj/Pois/Air  ##......     21%         3    ###....


Dungeon Overview and Level Annotations

Branches:
Dungeon (6/15)             Temple (1/1) D:5

Altars:
Ashenzari
Cheibriados
Fedhas
Gozag
Hepliaklqana
Kikubaaqudgha
Nemelex Xobeh
Qazlal
Ru
Sif Muna
Trog
Vehumet
Wu Jian
Yredelemnul
Zin
The Shining One

Annotations:
D:3 homeworkjunkie's ghost, weakling HOFi


Innate Abilities, Weirdness & Mutations

You cannot wear armour.
You are incapable of wielding weapons or throwing items.
Your paws allow you to move quietly. (Stealth)
You have sharp claws.
You have razor-sharp teeth.
You have supernaturally acute eyesight. (SInv)
You are carnivorous and can eat meat at any time.
You cover ground quickly.
You are covered in fur. (AC +1)
You have a slow metabolism.
Your sharp claws are effective at attacking unaware monsters.


Message History

The gnoll moves out of view.
You hear a shout!
A wight comes into view. It is wielding an enchanted dagger.
You see here an arrow.
The centaur shoots an arrow.
The arrow barely misses you.
A bullfrog comes into view.
The centaur shoots an arrow.
The arrow barely misses you.
You see here an arrow.
The centaur shoots an arrow.
The arrow hits you.
* * * LOW HITPOINT WARNING * * *
There is a stone staircase leading up here.
You see here an arrow.
The centaur shoots an arrow.
The arrow closely misses you.
You climb upwards.
An orc and an orc priest come into view.
The orc priest casts a cantrip, but nothing happens.
The orc priest invokes the aid of Beogh against you.
Beogh smites you!
Ouch! That really hurt!
You die...

... ..# <..
#.# ..# #.# #
#.#.#.##.
#@.......
#...o........
#o#####.#####
... ###


You could see an orc priest and an orc.

Vanquished Creatures
  2 worker ants (D:4)
  4 gnolls
  6 adders
  An ooze (D:1)
  A worm (D:2)
  5 dart slugs
  3 leopard geckos
  5 orcs
  8 bats
  3 giant cockroaches
  4 goblins
  11 hobgoblins
  3 jackals
  4 quokkas
  6 frilled lizards
  7 kobolds
  A quokka skeleton (D:4)
  5 rats
79 creatures vanquished.

Vanquished Creatures (others)
  2 plants (D:2)
2 creatures vanquished.

Grand Total: 81 creatures vanquished

Notes
Turn   | Place    | Note
-------+----------+-------------------------------------------
     0 | D:1      | inc the Felid Wizard began the quest for the Orb.
     0 | D:1      | Reached XP level 1. HP: 7/7 MP: 5/5
    42 | D:1      | Reached skill level 1 in Conjurations
   383 | D:1      | Reached skill level 2 in Conjurations
   383 | D:1      | Reached XP level 2. HP: 11/11 MP: 1/7
   896 | D:1      | Reached XP level 3. HP: 14/14 MP: 6/8
  1045 | D:2      | Found a hazy altar of Hepliaklqana.
  1258 | D:2      | Reached skill level 3 in Conjurations
  1585 | D:2      | Reached XP level 4. HP: 11/18 MP: 0/9
  1877 | D:2      | Found a sacrificial altar of Ru.
  1877 | D:2      | Found an ancient bone altar of Kikubaaqudgha.
  1882 | D:2      | Found a glowing silver altar of Zin.
  1915 | D:2      | Reached skill level 4 in Conjurations
  2811 | D:3      | Found a sparkling altar of Nemelex Xobeh.
  2812 | D:3      | Reached XP level 5. HP: 21/21 MP: 8/10
  2902 | D:3      | Noticed homeworkjunkie's ghost (weakling HOFi)
  3296 | D:4      | Reached skill level 5 in Conjurations
  3358 | D:4      | Learned a level 2 spell: Call Imp
  3362 | D:4      | Learned a level 3 spell: Mephitic Cloud
  4037 | D:5      | Entered Level 5 of the Dungeon
  4157 | D:5      | Found a staircase to the Ecumenical Temple.
  4178 | Temple   | Entered the Ecumenical Temple
  4277 | Temple   | Became a worshipper of Vehumet
  4458 | D:6      | Noticed a centaur
  4458 | D:6      | HP: 1/21 [centaur/arrow (19)]
  4470 | D:6      | Shot with an arrow by a centaur
  4471 | D:6      | Reached XP level 4. HP: -11/18 MP: 8/9
  4484 | D:6      | Noticed a bullfrog
  4487 | D:5      | Killed from afar by an orc priest

Skill      XL: |  1  2  3  4  5 |
---------------+----------------+-----
Conjurations   | 2 3 4 5 |  5.0
Summonings     | 2 |  2.0
Dodging        | |  2.6
Stealth        | |  2.6
Spellcasting   | |  3.0
Translocations | |  1.5

Action                   |  1- 3 |  4- 6 || total
-------------------------+-------+-------++-------
Melee: Unarmed           |     1 |     4 ||     5
 Cast: Magic Dart        |    84 |   126 ||   210
  Use: Scroll            |     2 |     4 ||     6
  Eat: Chunk             |     1 |     9 ||    10
Armor: Skin              |     5 |     1 ||     6
Dodge: Dodged            |    23 |    24 ||    47
